TOP OF THE 1ST |
Purdue Boilermakers batting - Pitching for Mississippi State Bulldogs : RHP Steve Newman
|
Pitching: RHP Steve Newman
|
|
Batting: RHB Bill Crawley
|
0-0: Ball 1-0: Ball 2-0: Bunted foul 2-1: Foul Ball, location: 2F 2-2: Foul Ball, location: 2F 2-2: Ground out 6-3 (Groundball, 6M)
|
Batting: RHB John Martin
|
0-0: Foul Ball, location: 2F 0-1: Ball 1-1: Ground out 2-3 (Groundball, 25)
|
Batting: RHB Jeff Mason
|
0-0: Ball 1-0: Foul Ball, location: 2F 1-1: Ball 2-1: Ball 3-1: Foul Ball, location: 2F 3-2: Base on Balls
|
Batting: RHB Norm Scott
|
0-0: Ball 1-0: Ball 2-0: Fly out, F9 (Line Drive, 89S)
|
Top of the 1st over - 0 run(s), 0 hit(s), 0 error(s), 1 left on base; Purdue 0 - Mississippi State 0 |
BOTTOM OF THE 1ST |
Mississippi State Bulldogs batting - Pitching for Purdue Boilermakers : RHP Drake Williams
|
Pitching: RHP Drake Williams
|
|
Batting: RHB Eric Thompson
|
0-0: Bunt for hit - play at first, batter OUT! 6-3
|
Batting: SHB Jesse Miller
|
0-0: Called Strike 0-1: Ball 1-1: Ball 2-1: Called Strike 2-2: Ball 3-2: Base on Balls
|
Batting: RHB Peter Griffith
|
0-0: Ball 1-0: Called Strike 1-1: Ball 2-1: Fly out, F9 (Flyball, 9M)
|
Batting: RHB Ken McDonald
|
0-0: Ball 1-0: Called Strike 1-1: Foul Ball, location: 2F 1-2: Ball 2-2: Ball 3-2: Ground out 6-3 (Groundball, 6M)
|
Bottom of the 1st over - 0 run(s), 0 hit(s), 0 error(s), 1 left on base; Purdue 0 - Mississippi State 0 |
TOP OF THE 2ND |
Purdue Boilermakers batting - Pitching for Mississippi State Bulldogs : RHP Steve Newman
|
Batting: RHB Glenn Broadwater
|
0-0: Ball 1-0: Called Strike 1-1: Foul Ball, location: 2F 1-2: Strikes out looking
|
Batting: LHB Richard Brooks
|
0-0: Ball 1-0: Ball 2-0: Called Strike 2-1: Fly out, F4 (Line Drive, 4M)
|
Batting: RHB Ryan Brown
|
0-0: Ball 1-0: Ball 2-0: Called Strike 2-1: Ball 3-1: Called Strike 3-2: Foul Ball, location: 2F 3-2: Foul Ball, location: 2F 3-2: Base on Balls
|
Batting: RHB Ricardo Velásquez
|
0-0: Called Strike 0-1: SINGLE (Line Drive, 8LS) Ryan Brown to second Runner from 2nd tries for 3rd, SAFE, throw made to third
|
Batting: RHB John Jamison
|
0-0: Ball 1-0: Foul Ball, location: 2F 1-1: DOUBLE (Line Drive, 7LM) Ryan Brown scores Ricardo Velásquez to third
|
Batting: RHB Bill Crawley
|
0-0: Called Strike 0-1: Ball 1-1: SINGLE (Groundball, 4M) Ricardo Velásquez scores John Jamison to third Runner from 3rd tries for Home, SAFE, no throw or cutoff
|
Batting: RHB John Martin
|
0-0: Ball 1-0: Ball 2-0: DOUBLE (Line Drive, 9LS) Bill Crawley to third Runner from 3rd tries for Home, SAFE, no throw or cutoff
|
Batting: RHB Jeff Mason
|
0-0: Ball 1-0: Ball 2-0: Foul Ball, location: 2F 2-1: Foul Ball, location: 2F 2-2: Ball 3-2: Strikes out looking
|
Top of the 2nd over - 4 run(s), 4 hit(s), 0 error(s), 1 left on base; Purdue 4 - Mississippi State 0 |
BOTTOM OF THE 2ND |
Mississippi State Bulldogs batting - Pitching for Purdue Boilermakers : RHP Drake Williams
|
Batting: RHB Johnny Williams
|
Single, Error in OF, E9, batter to second base
|
Batting: RHB Dan Stephens
|
0-0: Ball 1-0: Foul Ball, location: 2F 1-1: Ball Wild Pitch! Johnny Williams to third 2-1: Ball 3-1: Swinging Strike 3-2: Strikes out swinging
|
Batting: SHB Alex Stewart
|
0-0: Fly out, F8 (Flyball, 8RM) Runner from 3rd tags up, SCORES, no throw
|
Batting: LHB Jorge Hernández
|
0-0: Ball 1-0: Ball 2-0: Swinging Strike 2-1: Ball 3-1: Base on Balls
|
Batting: SHB Manuel Gaona
|
0-0: Ball Jorge Hernández is caught stealing 2nd base
|
Bottom of the 2nd over - 1 run(s), 1 hit(s), 1 error(s), 0 left on base; Purdue 4 - Mississippi State 1 |
TOP OF THE 3RD |
Purdue Boilermakers batting - Pitching for Mississippi State Bulldogs : RHP Steve Newman
|
Batting: RHB Norm Scott
|
0-0: Foul Ball, location: 2F 0-1: Foul Ball, location: 2F 0-2: Ball 1-2: SINGLE (Groundball, 34D)
|
Batting: RHB Glenn Broadwater
|
0-0: Called Strike Pickoff Throw to First - Out! 0-1: Foul Ball, location: 2F 0-2: Ball 1-2: Ball 2-2: Foul Ball, location: 2F 2-2: SINGLE (Line Drive, 8RS)
|
Batting: LHB Richard Brooks
|
0-0: Called Strike 0-1: Foul Ball, location: 2F 0-2: Ball 1-2: Ball 2-2: Ball 3-2: Foul Ball, location: 2F 3-2: Base on Balls Glenn Broadwater to second
|
Batting: RHB Ryan Brown
|
0-0: Called Strike 0-1: Ball 1-1: Foul Ball, location: 2F 1-2: Ball 2-2: Ball 3-2: Foul Ball, location: 2F 3-2: Foul Ball, location: 2F 3-2: Base on Balls Glenn Broadwater to third Richard Brooks to second
|
Batting: RHB Ricardo Velásquez
|
0-0: Called Strike 0-1: Ball 1-1: Ball 2-1: Called Strike 2-2: SINGLE (Groundball, 34D) Glenn Broadwater scores Richard Brooks to third Ryan Brown to second Runner from 3rd tries for Home, SAFE, no throw or cutoff
|
Pitching: RHP Millard McGrath
|
|
Batting: RHB John Jamison
|
0-0: Called Strike 0-1: Foul Ball, location: 2F 0-2: Foul Ball, location: 2F 0-2: Ball 1-2: Foul Ball, location: 2F 1-2: Fly out, F8 (Flyball, 8RM)
|
Batting: RHB Bill Crawley
|
0-0: Fly out, F8 (Flyball, 8RM)
|
Top of the 3rd over - 2 run(s), 3 hit(s), 0 error(s), 2 left on base; Purdue 6 - Mississippi State 1 |
BOTTOM OF THE 3RD |
Mississippi State Bulldogs batting - Pitching for Purdue Boilermakers : RHP Drake Williams
|
Batting: SHB Manuel Gaona
|
0-0: Ball 1-0: Ground out 6-3 (Groundball, 6)
|
Batting: RHB Eric Thompson
|
0-0: Ball 1-0: Reached on error, E4 (Groundball, 4)
|
Batting: SHB Jesse Miller
|
0-0: Ball 1-0: Called Strike 1-1: Foul Ball, location: 2F 1-2: Ball 2-2: Ball 3-2: 2-RUN HOME RUN (Flyball, 89XD), Distance : 371 ft
|
Batting: RHB Peter Griffith
|
0-0: Foul Ball, location: 2F 0-1: Called Strike 0-2: Ball 1-2: Foul Ball, location: 2F 1-2: Strikes out looking
|
Batting: RHB Ken McDonald
|
0-0: Ball 1-0: Called Strike 1-1: Called Strike 1-2: Ground out 5-3 (Groundball, 5S)
|
Bottom of the 3rd over - 2 run(s), 1 hit(s), 1 error(s), 0 left on base; Purdue 6 - Mississippi State 3 |
TOP OF THE 4TH |
Purdue Boilermakers batting - Pitching for Mississippi State Bulldogs : RHP Millard McGrath
|
Batting: RHB John Martin
|
0-0: Called Strike 0-1: Ball 1-1: Swinging Strike 1-2: Ball 2-2: Ball 3-2: Foul Ball, location: 2F 3-2: Strikes out swinging
|
Batting: RHB Jeff Mason
|
0-0: Swinging Strike 0-1: Ball 1-1: SOLO HOME RUN (Flyball, 8RXD), Distance : 397 ft
|
Batting: RHB Norm Scott
|
0-0: Called Strike 0-1: Foul Ball, location: 2F 0-2: Foul Ball, location: 2F 0-2: Strikes out swinging
|
Batting: RHB Glenn Broadwater
|
0-0: Ball 1-0: Ball 2-0: Called Strike 2-1: Ball 3-1: Base on Balls
|
Batting: LHB Richard Brooks
|
0-0: Called Strike 0-1: Foul Ball, location: 2F 0-2: Ball 1-2: SINGLE (Groundball, 5S) (infield hit) Glenn Broadwater to second
|
Batting: RHB Ryan Brown
|
0-0: SINGLE (Groundball, 56) Glenn Broadwater to third Richard Brooks to second Runner from 3rd tries for Home, SAFE, no throw or cutoff
|
Batting: RHB Ricardo Velásquez
|
0-0: Called Strike 0-1: Ball 1-1: SINGLE (Line Drive, 56D) Richard Brooks to third Ryan Brown to second Runner from 3rd tries for Home, SAFE, no throw or cutoff
|
Batting: RHB John Jamison
|
0-0: Foul Ball, location: 2F 0-1: Swinging Strike 0-2: Ball 1-2: Strikes out swinging
|
Top of the 4th over - 3 run(s), 4 hit(s), 0 error(s), 2 left on base; Purdue 9 - Mississippi State 3 |
BOTTOM OF THE 4TH |
Mississippi State Bulldogs batting - Pitching for Purdue Boilermakers : RHP Drake Williams
|
Batting: RHB Johnny Williams
|
0-0: Called Strike 0-1: Fly out, F4 (Popup, 9LM)
|
Batting: RHB Dan Stephens
|
0-0: Ball 1-0: Called Strike 1-1: Foul Ball, location: 2F 1-2: Fly out, F9 (Flyball, 89M)
|
Batting: SHB Alex Stewart
|
0-0: Ball 1-0: Ball 2-0: Called Strike 2-1: Fly out, F6 (Popup, 5D)
|
Bottom of the 4th over - 0 run(s), 0 hit(s), 0 error(s), 0 left on base; Purdue 9 - Mississippi State 3 |
TOP OF THE 5TH |
Purdue Boilermakers batting - Pitching for Mississippi State Bulldogs : RHP Millard McGrath
|
Batting: RHB Bill Crawley
|
0-0: Ground out 5-3 (Groundball, 5)
|
Batting: RHB John Martin
|
0-0: Called Strike 0-1: Foul Ball, location: 2F 0-2: Fly out, F9 (Flyball, 9S)
|
Batting: RHB Jeff Mason
|
0-0: Ball 1-0: Ground out 6-3 (Groundball, 6)
|
Top of the 5th over - 0 run(s), 0 hit(s), 0 error(s), 0 left on base; Purdue 9 - Mississippi State 3 |
BOTTOM OF THE 5TH |
Mississippi State Bulldogs batting - Pitching for Purdue Boilermakers : RHP Drake Williams
|
Batting: LHB Jorge Hernández
|
0-0: Called Strike 0-1: Called Strike 0-2: Strikes out looking
|
Batting: SHB Manuel Gaona
|
0-0: Ground out U3 (Groundball, 3S)
|
Batting: RHB Eric Thompson
|
0-0: Called Strike 0-1: Ball 1-1: Ground out 4-3 (Groundball, 4)
|
Bottom of the 5th over - 0 run(s), 0 hit(s), 0 error(s), 0 left on base; Purdue 9 - Mississippi State 3 |
TOP OF THE 6TH |
Purdue Boilermakers batting - Pitching for Mississippi State Bulldogs : RHP Millard McGrath
|
Pitching: RHP Alfonso Villarreal
|
|
Batting: RHB Norm Scott
|
0-0: Ball 1-0: Foul Ball, location: 2F 1-1: Ground out 3-1 (Groundball, 34)
|
Batting: RHB Glenn Broadwater
|
0-0: Called Strike 0-1: Foul Ball, location: 2F 0-2: Strikes out swinging
|
Batting: LHB Richard Brooks
|
0-0: Fly out, F6 (Line Drive, 6M)
|
Top of the 6th over - 0 run(s), 0 hit(s), 0 error(s), 0 left on base; Purdue 9 - Mississippi State 3 |
BOTTOM OF THE 6TH |
Mississippi State Bulldogs batting - Pitching for Purdue Boilermakers : RHP Drake Williams
|
Batting: SHB Jesse Miller
|
0-0: Ball 1-0: Foul Ball, location: 2F 1-1: Ball 2-1: Foul Ball, location: 2F 2-2: Foul Ball, location: 2F 2-2: Ball 3-2: Fly out, F7 (Flyball, 78M)
|
Batting: RHB Peter Griffith
|
0-0: Foul Ball, location: 2F 0-1: Swinging Strike 0-2: Strikes out looking
|
Batting: RHB Ken McDonald
|
0-0: Called Strike 0-1: Ball 1-1: Ground out 4-3 (Groundball, 13)
|
Bottom of the 6th over - 0 run(s), 0 hit(s), 0 error(s), 0 left on base; Purdue 9 - Mississippi State 3 |
TOP OF THE 7TH |
Purdue Boilermakers batting - Pitching for Mississippi State Bulldogs : RHP Alfonso Villarreal
|
Batting: RHB Ryan Brown
|
0-0: Ball 1-0: Foul Ball, location: 2F 1-1: Called Strike 1-2: Foul Ball, location: 2F 1-2: Ball 2-2: SINGLE (Line Drive, 56)
|
Batting: RHB Ricardo Velásquez
|
0-0: Ball 1-0: Ground out 5-3 (Groundball, 5S) Ryan Brown to second
|
Batting: RHB John Jamison
|
0-0: Ground out 6-3 (Groundball, 6)
|
Batting: RHB Bill Crawley
|
0-0: Ball 1-0: Fly out, F5 (Popup, 56S)
|
Top of the 7th over - 0 run(s), 1 hit(s), 0 error(s), 1 left on base; Purdue 9 - Mississippi State 3 |
BOTTOM OF THE 7TH |
Mississippi State Bulldogs batting - Pitching for Purdue Boilermakers : RHP Drake Williams
|
Pitching: RHP Ed Knox
|
|
Batting: RHB Johnny Williams
|
0-0: Ball 1-0: Ball 2-0: Ball 3-0: Called Strike 3-1: Foul Ball, location: 2F 3-2: Foul Ball, location: 2F 3-2: Foul Ball, location: 2F 3-2: Base on Balls
|
Batting: RHB Dan Stephens
|
0-0: Ball 1-0: Foul Ball, location: 2F 1-1: Fly out, F8 (Flyball, 8RS)
|
Batting: SHB Alex Stewart
|
0-0: Ball 1-0: Ball 2-0: Ball 3-0: Called Strike 3-1: Foul Ball, location: 2F 3-2: Strikes out swinging
|
Batting: LHB Jorge Hernández
|
0-0: Ball 1-0: Ball 2-0: Ball 3-0: Base on Balls Johnny Williams to second
|
Batting: SHB Manuel Gaona
|
0-0: Called Strike 0-1: Foul Ball, location: 2F 0-2: Ball Single, Error in OF, E8, batter to second base Johnny Williams scores Jorge Hernández to third
|
Batting: RHB Eric Thompson
|
0-0: Ball 1-0: 3-RUN HOME RUN (Flyball, 78XD), Distance : 371 ft
|
Batting: SHB Jesse Miller
|
0-0: Ball 1-0: Called Strike 1-1: Ground out 5-3 (Groundball, 56S)
|
Bottom of the 7th over - 4 run(s), 2 hit(s), 1 error(s), 0 left on base; Purdue 9 - Mississippi State 7 |
TOP OF THE 8TH |
Purdue Boilermakers batting - Pitching for Mississippi State Bulldogs : RHP Alfonso Villarreal
|
Pitching: RHP Marshall Peterson
|
|
Batting: RHB John Martin
|
0-0: Ball 1-0: Ball 2-0: Called Strike 2-1: Foul Ball, location: 2F 2-2: Foul Ball, location: 2F 2-2: Foul Ball, location: 2F 2-2: Strikes out looking
|
Batting: RHB Jeff Mason
|
0-0: Ball 1-0: Called Strike 1-1: SINGLE (Line Drive, 56D)
|
Batting: RHB Norm Scott
|
0-0: Ball 1-0: Ball 2-0: Ball 3-0: Foul Ball, location: 2F 3-1: SINGLE (Groundball, 4MD) Jeff Mason to second
|
Batting: RHB Glenn Broadwater
|
0-0: Ball Jeff Mason is caught stealing 3rd base Norm Scott to second 1-0: Fly out, F9 (Flyball, 89M)
|
Top of the 8th over - 0 run(s), 2 hit(s), 0 error(s), 1 left on base; Purdue 9 - Mississippi State 7 |
BOTTOM OF THE 8TH |
Mississippi State Bulldogs batting - Pitching for Purdue Boilermakers : RHP Ed Knox
|
Pitching: RHP Henry Webster
|
|
Now at C: José Rivera
|
|
Batting: RHB Peter Griffith
|
0-0: Called Strike 0-1: Ground out 1-3 (Groundball, 13)
|
Batting: RHB Ken McDonald
|
0-0: Ball 1-0: Ball 2-0: SINGLE (Line Drive, 6D)
|
Batting: RHB Johnny Williams
|
0-0: Ball 1-0: Ball 2-0: Ball 3-0: Base on Balls Ken McDonald to second
|
Batting: RHB Dan Stephens
|
0-0: Reached on error, E5 (Groundball, 5) Ken McDonald to third Johnny Williams to second
|
Pinch Hitting: RHB Larry Beauregard
|
0-0: Ball 1-0: Called Strike 1-1: Swinging Strike 1-2: SINGLE (Groundball, 34D) (infield hit) Ken McDonald scores Johnny Williams to third Dan Stephens to second
|
Pitching: LHP Dave Stokes
|
|
Batting: LHB Jorge Hernández
|
0-0: Ball 1-0: Foul Ball, location: 2F 1-1: Swinging Strike 1-2: Strikes out swinging
|
Pitching: RHP Michael Lewis
|
|
Batting: SHB Manuel Gaona
|
0-0: Called Strike 0-1: Foul Ball, location: 2F 0-2: Ball 1-2: Strikes out swinging
|
Bottom of the 8th over - 1 run(s), 2 hit(s), 1 error(s), 3 left on base; Purdue 9 - Mississippi State 8 |
TOP OF THE 9TH |
Purdue Boilermakers batting - Pitching for Mississippi State Bulldogs : RHP Marshall Peterson
|
Now at SS: Larry Beauregard
|
|
Batting: LHB Richard Brooks
|
0-0: Called Strike 0-1: Ball 1-1: Ball 2-1: Ball 3-1: Base on Balls
|
Batting: RHB Ryan Brown
|
0-0: Foul Ball, location: 2F 0-1: Ball 1-1: Called Strike 1-2: Strikes out swinging
|
Batting: RHB Ricardo Velásquez
|
0-0: Foul Ball, location: 2F Pickoff Throw to First - Out! 0-1: Fly out, F9 (Flyball, 89M)
|
Top of the 9th over - 0 run(s), 0 hit(s), 0 error(s), 0 left on base; Purdue 9 - Mississippi State 8 |
BOTTOM OF THE 9TH |
Mississippi State Bulldogs batting - Pitching for Purdue Boilermakers : RHP Michael Lewis
|
Pitching: RHP José Mejía
|
|
Batting: RHB Eric Thompson
|
0-0: Called Strike 0-1: Swinging Strike 0-2: Ball 1-2: Strikes out swinging
|
Batting: SHB Jesse Miller
|
0-0: Ball 1-0: Swinging Strike 1-1: Foul Ball, location: 2F 1-2: Ball 2-2: Ball 3-2: Base on Balls
|
Batting: RHB Peter Griffith
|
0-0: Hit by Pitch Jesse Miller to second
|
Pinch Runner at 1st Cole Quintsey:
|
|
Batting: RHB Ken McDonald
|
0-0: Ball 1-0: Ball 2-0: Called Strike 2-1: 3-RUN HOME RUN (Flyball, 78XD), Distance : 384 ft
|
|